 Dungeon Crawl Stone Soup version 0.21.1-1-g345015f (webtiles) character file.

1163 inc the Destroyer (level 8, -9/46 HPs)
             Began as an Octopode Earth Elementalist on Mar 16, 2018.
             Blown up by a wight (11 damage)
             ... with a wand of disintegration (11)
             ... on level 7 of the Dungeon.
             The game lasted 00:10:59 (4551 turns).

inc the Destroyer (Octopode Earth Elementalist)     Turns: 4551, Time: 00:11:00

Health: -9/46      AC:  1    Str:  8    XL:     8   Next: 40%
Magic:  11/21      EV: 13    Int: 19    God:
Gold:   287        SH:  0    Dex: 12    Spells: 9/13 levels left

rFire    . . .     SeeInvis .   (no weapon)
rCold    . . .     Gourm    .   (no shield)
rNeg     . . .     Faith    .   (helmet restricted)
rPois    .         Spirit   .   (no amulet)
rElec    .         Reflect  .   u - ring of wizardry
rCorr    .         Harm     .   v - ring of wizardry
MR       .....                  y - ring of magical power
Stlth    +++.......             (no ring)
HPRegen  0.15/turn              (no ring)
MPRegen  0.17/turn              (no ring)
                                (no ring)
                                (no ring)

@: drained
A: almost no armour, stealthy swim, amphibious, 8 rings, constrict 8, camouflage
1, gelatinous body 1
a: no special abilities


You were on level 7 of the Dungeon.
You were not hungry.

You visited 2 branches of the dungeon, and saw 8 of its levels.
You also visited: Sewer.

You collected 287 gold pieces.

Inventory:

Missiles
 b - 67 stones (quivered)
Jewellery
 u - a ring of wizardry (left tentacle)
 v - a ring of wizardry (right tentacle)
 y - a ring of magical power (on tentacle)
Scrolls
 f - a scroll of blinking {unknown}
 g - a scroll of immolation {unknown}
 j - 2 scrolls of teleportation {unknown}
 k - 2 scrolls of enchant armour {unknown}
 n - 3 scrolls of identify
 o - 4 scrolls of remove curse {unknown}
 p - a scroll of random uselessness {unknown}
 r - a scroll of enchant weapon {unknown}
 w - a scroll of fog {unknown}
Potions
 a - a potion of cancellation {unknown}
 e - 3 potions of magic
 h - a potion of flight
 l - 2 potions of resistance
 m - 3 potions of might
 q - a potion of ambrosia
 s - a potion of haste {unknown}
 x - 2 potions of mutation {unknown}
Books
 d - a book of Geomancy

   Spells                             Type                      Level
   a - Sandblast                      Earth                        1
   b - Passwall                       Transmutation/Earth          2
   c - Stone Arrow                    Conjuration/Earth            3
   d - Petrify                        Transmutation/Earth          4
   e - Lee's Rapid Deconstruction     Earth                        5
Comestibles
 c - 7 rations


   Skills:
 - Level 2.0(1.2) Dodging
 - Level 2.6(1.8) Stealth
 - Level 3.0(2.1) Spellcasting
 + Level 8.2(7.3) Conjurations
   Level 1.0(0.2) Transmutations
 - Level 5.2(4.4) Earth Magic


You had 9 spell levels left.
You knew the following spells:

 Your Spells              Type           Power        Failure   Level  Hunger
a - Sandblast             Erth           ###...       1%          1    #......
b - Stone Arrow           Conj/Erth      ###...       1%          3    ###....


Dungeon Overview and Level Annotations

Branches:
Dungeon (7/15)             Temple (1/1) D:5

Altars:
Ashenzari
Dithmenos
Elyvilon
Fedhas
Hepliaklqana
Kikubaaqudgha
Nemelex Xobeh
Okawaru
Ru
Sif Muna
Trog
Uskayaw
Vehumet
Wu Jian
Xom
Yredelemnul

Annotations:
D:3 1994's ghost, amateur NaVM


Innate Abilities, Weirdness & Mutations

You cannot wear most types of armour.
You are very stealthy in the water. (Stealth+)
You are amphibious.
You can wear up to eight rings at the same time.
You can use your tentacles to constrict eight enemies at once.
Your skin changes colour to match your surroundings (Stealth+).
Your rubbery body absorbs attacks. (AC +1, EV +1)


Message History

* * * LOW HITPOINT WARNING * * *
The giant cockroach closely misses you.
Are you sure you want to abandon this character and quit the game? (Confirm with "yes".)
Okay, then.
Casting: Sandblast
Confirm with . or Enter, or press ? or * to list all spells.
Aiming: Sandblast
Press: ? - help, Shift-Dir - straight line, f/p - wight
Aim: a wight, wielding an enchanted short sword, wearing a robe and carrying a wand of disintegration (11) (moderately damaged)
The blast of sand hits the wight.
The wight is moderately damaged.
b - 67 stones The wight completely misses you.
The giant cockroach barely misses you.
Unknown command.
Unknown command.
Unknown command.
You completely miss the giant cockroach.
You grab the giant cockroach. You constrict the giant cockroach.
The wight zaps a wand.
You are blasted!
You die...

........######.#..# *,*
**≈,,*,,
.###...........#..# *,*
*≈≈,,,≈
.........#######..# *,*
***,,,*
.###.......?......###.#
**,,*
,*###.....z.zz..Z.....#
*>,*
,..........#####z######
*,,* ..#?##.##..# #z#
*,,, ,..#,#.##..# #z#
**** #.#**..##..# #@#
**** .#* ##.##.z# #s#
*,,,
*,***.#*#..#***#.#*
*,**
,,,*,,,*#...,,,...* *,*
,,,,,,,*##.##**#..* *,*
,,,,,,,**#.#***#..# *,*
*,,,,,,,,,..,,,...# *,*
***,***********##.# *,*
*,****,,,,,,,,,,* *,*


You could see 3 wights, a giant cockroach and a centaur skeleton.

Vanquished Creatures
  An orc warrior (D:6)
  An ice beast (D:5)
  A sky beast (D:7)
  2 phantoms
  2 ogres (D:4)
  A centaur (D:6)
  Blork the orc (D:5)
  2 bullfrogs (Sewer)
  3 worker ants
  An orc wizard (D:3)
  A hound zombie (D:6)
  7 adders
  3 oozes (D:1)
  A worm (D:2)
  3 leopard geckos
  8 orcs
  12 giant cockroaches
  8 goblins
  4 hobgoblins
  8 kobolds
  2 quokkas
  2 ball pythons (Sewer)
  8 bats
  15 frilled lizards
  5 rats
102 creatures vanquished.

Notes
Turn   | Place    | Note
-------+----------+-------------------------------------------
     0 | D:1      | inc the Octopode Earth Elementalist began the quest for the Orb.
     0 | D:1      | Reached XP level 1. HP: 11/11 MP: 3/3
   402 | D:1      | Reached XP level 2. HP: 17/17 MP: 3/5
  1043 | D:1      | Reached XP level 3. HP: 18/21 MP: 4/6
  1443 | D:2      | Reached XP level 4. HP: 17/27 MP: 4/7
  1693 | D:2      | Reached skill level 5 in Earth Magic
  1868 | D:2      | Found a sparkling altar of Nemelex Xobeh.
  2177 | D:2      | Found a bloodstained altar of Trog.
  2178 | D:2      | Found an ornate altar of the Wu Jian Council.
  2302 | D:3      | Reached XP level 5. HP: 23/31 MP: 2/8
  2324 | D:3      | Noticed 1994's ghost (amateur NaVM)
  2411 | D:4      | Learned a level 3 spell: Stone Arrow
  2509 | D:4      | Reached skill level 1 in Conjurations
  2511 | D:4      | Noticed a phantom
  2571 | D:4      | Killed a phantom
  2571 | D:4      | Reached skill level 3 in Conjurations
  2571 | D:4      | Reached XP level 6. HP: 27/36 MP: 0/10
  2762 | D:4      | Reached skill level 4 in Conjurations
  2769 | D:4      | Found a blossoming altar of Fedhas.
  2948 | D:4      | Found a shadowy altar of Dithmenos.
  2967 | D:4      | Reached XP level 7. HP: 41/41 MP: 7/11
  3345 | D:5      | Entered Level 5 of the Dungeon
  3379 | D:5      | Noticed Blork the orc
  3427 | D:5      | Found a staircase to the Ecumenical Temple.
  3433 | D:5      | Killed Blork the orc
  3433 | D:5      | Reached skill level 5 in Conjurations
  3472 | Temple   | Entered the Ecumenical Temple
  3616 | D:5      | Found a glowing drain.
  3620 | D:5      | Reached skill level 6 in Conjurations
  3629 | Sewer    | Entered a sewer
  3881 | Sewer    | Reached skill level 7 in Conjurations
  3881 | Sewer    | Reached XP level 8. HP: 29/46 MP: 6/12
  4057 | D:5      | Found a white marble altar of Elyvilon.
  4071 | D:5      | Noticed a hippogriff
  4275 | D:6      | Found a hide-covered altar of Uskayaw.
  4276 | D:6      | Found a shimmering altar of Xom.
  4542 | D:7      | Reached skill level 8 in Conjurations
  4549 | D:7      | HP: 2/46 [wight/enchanted short sword (5)]
  4551 | D:7      | Blown up by a wight

Skill      XL: |  1  2  3  4  5  6  7  8 |
---------------+-------------------------+-----
Earth Magic    | 4 5 |  5.2
Spellcasting   | 3 |  3.0
Conjurations   | 3 4 7 8 |  8.2
Dodging        | |  2.0
Stealth        | |  2.6
Transmutations | |  1.0

Action                   |  1- 3 |  4- 6 |  7- 9 || total
-------------------------+-------+-------+-------++-------
Melee: Unarmed           |    55 |    51 |    29 ||   135
       Constrict         |    17 |    15 |     4 ||    36
       Tentacles         |     7 |     8 |     2 ||    17
 Cast: Sandblast         |    30 |    38 |    66 ||   134
       Stone Arrow       |       |     2 |     5 ||     7
  Use: Scroll            |       |       |     9 ||     9
       Potion            |       |       |     2 ||     2
 Stab: Sleeping          |     8 |     8 |       ||    16
  Eat: Chunk             |     2 |     5 |     5 ||    12
Armor: Skin              |    10 |     8 |    22 ||    40
Dodge: Dodged            |    51 |    42 |    34 ||   127
